 Dungeon Crawl Stone Soup version 0.21.0-25-ge575cb9 (webtiles) character file.

35 manyhoops the Shield-Bearer (level 3, 0/31 HPs)
             Began as a Gnoll Wanderer on Jan 24, 2018.
             Slain by a goblin (4 damage)
             ... led by Robin
             ... on level 2 of the Dungeon.
             The game lasted 00:01:26 (1358 turns).

manyhoops the Shield-Bearer (Gnoll Wanderer)        Turns: 1358, Time: 00:01:28

Health: 0/31       AC:  5    Str: 13    XL:     3   Next: 35%
Magic:  4/4        EV: 12    Int: 14    God:
Gold:   45         SH:  0    Dex: 16    Spells: 3/3 levels left

rFire    . . .     SeeInvis .   d - +0 mace
rCold    . . .     Gourm    .   (no shield)
rNeg     . . .     Faith    .   k - +0 ring mail
rPois    .         Spirit   .   (no helmet)
rElec    .         Reflect  .   (no cloak)
rCorr    .         Harm     .   (no gloves)
MR       .....                  (no boots)
Stlth    ++........             (no amulet)
HPRegen  0.10/turn              (no ring)
MPRegen  0.09/turn              (no ring)

@: no status effects
A: distributed training, fangs 1, strong nose
a: no special abilities


You were on level 2 of the Dungeon.
You were hungry.

You visited 1 branch of the dungeon, and saw 2 of its levels.

You collected 45 gold pieces.

Inventory:

Hand Weapons
 d - a +0 mace (weapon)
 e - a +0 dagger
Missiles
 b - 4 throwing nets (quivered)
Armour
 k - a +0 ring mail (worn)
Scrolls
 a - a scroll of teleportation {unknown}
 g - 7 scrolls of identify {unknown}
 h - a scroll of magic mapping {unknown}
 i - 2 scrolls of noise {unknown}
 j - a scroll of enchant weapon {unknown}
 l - a scroll of immolation {unknown}
Potions
 c - a potion of curing
Comestibles
 f - 2 rations


   Skills:
 + Level 4.5 Fighting
 + Level 0.7 Short Blades
 + Level 2.6 Long Blades
 + Level 0.7 Axes
 + Level 2.6 Maces & Flails
 + Level 0.7 Polearms
 + Level 0.7 Staves
 + Level 0.7 Slings
 + Level 0.7 Bows
 + Level 0.7 Crossbows
 + Level 0.7 Throwing
 + Level 2.6 Armour
 + Level 2.6 Dodging
 + Level 4.1 Stealth
 + Level 4.5 Shields
 + Level 0.7 Unarmed Combat
 + Level 0.7 Spellcasting
 + Level 0.5 Conjurations
 + Level 0.5 Hexes
 + Level 0.5 Charms
 + Level 0.5 Summonings
 + Level 0.5 Necromancy
 + Level 0.5 Translocations
 + Level 0.5 Transmutations
 + Level 0.5 Fire Magic
 + Level 0.5 Ice Magic
 + Level 0.5 Air Magic
 + Level 0.5 Earth Magic
 + Level 0.5 Poison Magic
 + Level 0.9 Invocations
 + Level 0.7 Evocations


You had 3 spell levels left.
You didn't know any spells.

Dungeon Overview and Level Annotations

Branches:
Dungeon (2/15)

Altars:
Dithmenos

Annotations:
D:2 Robin


Innate Abilities, Weirdness & Mutations

Your experience applies equally to all skills.
You have very sharp teeth.
Your uncanny sense of smell can sniff out nearby items.


Message History

You hit the goblin but do no damage. You bite the goblin, but do no damage.
The goblin is heavily wounded.
The hobgoblin barely misses you. Robin throws the goblin at you!
The goblin hits you with an uncursed dagger.
The goblin hits you.
* * * LOW HITPOINT WARNING * * *
The goblin moves out of view.
The goblin hits you but does no damage. The hobgoblin hits you.
* * * LOW HITPOINT WARNING * * *
2 goblins and a hobgoblin come into view.
You barely miss the hobgoblin. Robin closely misses you.
The goblin hits you with an uncursed dagger.
* * * LOW HITPOINT WARNING * * *
The goblin closely misses you.
The hobgoblin moves out of view.
The goblin moves out of view.
The hobgoblin hits you but does no damage.
The goblin hits you but does no damage. x2; Robin throws the goblin at you!
Unknown command.
You hit the hobgoblin but do no damage. The goblin hits you.
You die...

...... ... #..... gg
#..... #g ......
###.########## ##....
...g........ ......
..###.g......## ######
......gg......# ##.....
......g@......####...###
.####.ggg.....(.........
+..)(............###
#..>..........#####.
#.).((.#######...... ∆
######### #.#####
#......# #.# #
######.######.# #
#.........#####


You could see Robin, 2 hobgoblins and 8 goblins.

Vanquished Creatures
  A worm (D:2)
  A dart slug (D:2)
  A leopard gecko (D:2)
  2 ball pythons (D:1)
  5 bats
  3 goblins
  2 hobgoblins
  4 jackals (D:1)
  2 kobolds (D:1)
  2 frilled lizards (D:1)
  6 rats
29 creatures vanquished.

Notes
Turn   | Place    | Note
-------+----------+-------------------------------------------
     0 | D:1      | manyhoops the Gnoll Wanderer began the quest for the Orb.
     0 | D:1      | manyhoops set off with: a +0 leather armour, 4 throwing nets, a potion of curing, a +0 mace, a +0 dagger, a ration
     0 | D:1      | Reached XP level 1. HP: 20/20 MP: 1/1
   137 | D:1      | Reached XP level 2. HP: 25/26 MP: 2/2
   521 | D:1      | You fall through a shaft!
   557 | D:2      | Found a shadowy altar of Dithmenos.
   619 | D:2      | Reached XP level 3. HP: 14/31 MP: 3/3
  1351 | D:2      | Noticed Robin
  1358 | D:2      | Slain by a goblin

Action                   || total
-------------------------++-------
Melee: Mace              ||    86
       Bite              ||     6
 Stab: Sleeping          ||    12
  Eat: Chunk             ||     1
Armor: Leather armour    ||    13
       Ring mail         ||    22
Dodge: Dodged            ||    77
